 Dungeon Crawl Stone Soup version 0.32-a0-814-g0968bab981 (webtiles) character file.

Game seed: 6899640136589877143

109 Nvm9 the Trooper (level 4, -1/37 HPs)
             Began as a Demonspawn Fighter on Mar 22, 2024.
             Slain by a scorpion (2 damage)
             ... on level 2 of the Dungeon.
             The game lasted 00:04:40 (1545 turns).

Nvm9 the Trooper (Demonspawn Fighter)               Turns: 1545, Time: 00:04:40

Health: -1/37      AC:  6    Str: 18    XL:     4   Next: 59%
Magic:  4/4        EV:  8    Int:  8    God:
Gold:   109        SH:  4    Dex: 13    Spells: 3/3 levels left

rFire   . . .        a - +0 war axe
rCold   . . .        c - +0 buckler
rNeg    . . .        b - +0 scale mail
rPois   .            (no helmet)
rElec   .            (no cloak)
rCorr   .            (no gloves)
SInv    +            (no boots)
Will    .....        (no amulet) Stlth
                     j - ring of see invisible
HPRegen 0.26/turn    (no ring)
MPRegen 0.09/turn

%: no passive effects
@: mighty, wreathed by umbra
A: ignite blood 1, foul shadow 1
a: no special abilities


You were on level 2 of the Dungeon.
You visited 1 branch of the dungeon, and saw 3 of its levels.

You collected 109 gold pieces.

Inventory:

Hand Weapons
 a - a +0 war axe (weapon)
Armour
 b - a +0 scale mail (worn)
 c - a +0 buckler (worn)
Jewellery
 j - a ring of see invisible (left hand)
 k - a ring of wizardry
Scrolls
 f - 3 scrolls of blinking
 h - a scroll of identify


   Skills:
 * Level 3.7 Fighting
 * Level 2.6 Axes
 * Level 3.3 Armour
 * Level 3.4 Shields


You had 3 spell levels left.
You didn't know any spells.
Your spell library was empty.

Dungeon Overview and Level Annotations

Branches:
Dungeon (3/15)

Altars:


Innate Abilities, Weirdness & Mutations

Your demonic aura sometimes causes spilled blood to erupt in flames.
You are faintly shadowed, very rarely releasing foul flame when damaged in melee.


Message History

You hit the scorpion.
The scorpion is lightly wounded.
The scorpion stings you.
An orc comes into view.
It is wielding a +0 morningstar of draining.
The scorpion stings you but does no damage.
The scorpion barely misses you.
You are too injured to fight recklessly!
The scorpion stings you but does no damage.
The scorpion stings you but does no damage.
The orc attacks as it pursues you! The orc hits you with a +0 dagger.
* * * LOW HITPOINT WARNING * * *
The scorpion stings you but does no damage.
The scorpion attacks as it pursues you!
The scorpion stings you but does no damage.
You block the scorpion's attack.
You see here a ball python corpse.
The scorpion attacks as it pursues you! The scorpion barely misses you.
The orc hits you but does no damage. The orc attacks as it pursues you!
The orc hits you but does no damage. The scorpion stings you.
* * * LOW HITPOINT WARNING * * *
You are poisoned.
The scorpion poisons you!
You feel sick.
You feel sick. The scorpion attacks as it pursues you!
You block the scorpion's attack.
There is a stone staircase leading up here.
You feel sick.
The scorpion stings you but does no damage.
You climb upwards.
You feel sick.
There is a stone staircase leading down here.
You feel very mighty all of a sudden.
You feel sick. The scorpion stings you.
* * * LOW HITPOINT WARNING * * *
You slash the scorpion!
The scorpion is almost dead.
You feel sick.
You are no longer poisoned.
The scorpion closely misses you. The scorpion stings you.
You die...

# ## ######### .### #..<.)..#
...## #....<..# #...##
#.......###### #.#..###
#............##########
#......####.......####...<.......
.........##......s# ############
.......#........@.#
.(........(...#####
...........>.##################
#.........#....[.....##.......#
...........#...##...#.........#
.....รท......#..##..#..........#
.......###...#....#........######
#.....####....#..#....####.......
##....)....##..##..##.# ########


You could see a scorpion.

Vanquished Creatures
  Natasha (thrice) (D:2)
  An adder (D:2)
  A ribbon worm (D:3)
  4 ball pythons
  2 bats
  A goblin (D:1)
  2 hobgoblins
  4 quokkas
  2 frilled lizards (D:3)
  3 kobolds
  3 rats
  A spectral goblin (D:1)
27 creatures vanquished.

Notes
Turn   | Place    | Note
-------+----------+-------------------------------------------
     0 | D:1      | Nvm9 the Demonspawn Fighter began the quest for the Orb.
     0 | D:1      | Reached XP level 1. HP: 18/18 MP: 1/1
   308 | D:1      | Gained mutation: You are faintly shadowed, very rarely
                  | releasing foul flame when damaged in melee. [demonic
                  | ancestry]
   308 | D:1      | Reached XP level 2. HP: 24/24 MP: 2/2
   504 | D:1      | Found a faded altar of an unknown god.
  1042 | D:2      | Noticed Natasha
  1051 | D:2      | Killed Natasha
  1052 | D:2      | Gained mutation: Your demonic aura sometimes causes spilled
                  | blood to erupt in flames. [demonic ancestry]
  1052 | D:2      | Reached XP level 3. HP: 17/29 MP: 3/3
  1216 | D:2      | Noticed Natasha
  1219 | D:2      | Killed Natasha
  1220 | D:2      | Reached XP level 4. HP: 35/35 MP: 4/4
  1225 | D:2      | Noticed Natasha
  1234 | D:2      | Killed Natasha
  1518 | D:3      | Noticed a scorpion
  1545 | D:2      | HP: 1/37 [poisoned by a scorpion]
  1545 | D:2      | Slain by a scorpion

Illustrated notes

Levels and vault maps discovered:
D:1:      minmay_arrival_glassed_features, layout_basic,
          dreamdust_ecumenical_altar_drowned_temple
D:2:      layout_rooms, st_stairs_6, minivault_26, uniq_natasha
D:3:      layout_basic, minmay_misc_feat_secret_circle

Skill      XL: |  1  2 |
---------------+-------+-----
Axes           | 2 |  2.6
Armour         | 3 |  3.3
Shields        | 3 |  3.4
Fighting       | |  3.7

Action                     |  1- 3 |  4- 6 || total
---------------------------+-------+-------++-------
  Melee: War axe           |    56 |    36 ||    92
    Use: Potion            |       |     4 ||     4
         Scroll            |       |     2 ||     2
 Armour: Scale mail        |    68 |    63 ||   131
  Dodge: Dodged            |    23 |    36 ||    59
  Block: Buckler           |    17 |    17 ||    34

Table legend: (Time is in decaauts)
 A = Elapsed time spent in this place.
 B = Non-inter-level travel time spent in this place.
 C = Inter-level travel time spent in this place.
 D = Time resting spent in this place.
 E = Time spent auto-exploring this place.
 F = Levels seen in this place.
 G = Mean time per level.
                   A        B        C        D        E       F      G
               +--------+--------+--------+--------+--------+-----+--------+
         Total |   1625 |   1490 |    135 |     87 |   1120 |   3 |  541.7 |
       Dungeon |   1625 |   1490 |    135 |     87 |   1120 |   3 |  541.7 |
               +--------+--------+--------+--------+--------+-----+--------+

Top non-repeatable levels by time:
     D:1: 905 daAuts
     D:2: 618 daAuts
     D:3: 101 daAuts
